AoeStats
← El Don Natas

Arabia

508576597Analyzed
2v2 RM · 10d ago on Sep 23, 2026· 58m 0s· 4 players
Game mode
Random Map
Map size
Medium (4 player)
Population
200
Speed
Normal
Resources
Standard
Victory
Conquest
Starting age
Dark Age
Ending age
Imperial Age
RankedLock teamsTeams togetherTeam positionsShared explorationLock speedFull tech treeHidden civsTurbo modeCheats
Victory
Defeat
🇨🇱 Sicilians · Chile
1073
+17
🇨🇱 Britons · Chile
1068
+17
🇦🇷 Britons · Argentina
1247
-23
🇭🇳 Poles · Honduras
950
-13
SirGeorgeWL
9:29 Feudal Age
8:16 Loom
9:58 Double-Bit Axe
19:23 Wheelbarrow
21:46 Fletching
21:57 Padded Archer Armor
23:04 Horse Collar
27:23 Castle Age
26:55 Gold Mining
28:02 Crossbowman
28:40 Bodkin Arrow
29:01 Leather Archer Armor
28:57 Forging
28:48 Scale Mail Armor
30:43 Hand Cart
31:33 Bow Saw
36:14 Iron Casting
36:57 Ballistics
39:59 Gold Shaft Mining
39:15 Stone Mining
41:42 Yeomen
44:55 Imperial Age
45:16 Capped Ram
45:20 Elite Longbowman
46:02 Warwolf
46:23 Conscription
47:27 Pikeman
48:36 Bracer
50:09 Caravan
52:49 Two-Man Saw
51:43 Halberdier
57:30 Chemistry
56:26 Murder Holes
El Don Natas
6:13 Loom
9:08 Feudal Age
9:41 Double-Bit Axe
14:23 Town Watch
17:17 Fletching
19:38 Wheelbarrow
23:03 Castle Age
22:00 Bloodlines
22:02 Forging
21:37 Horse Collar
22:29 Scale Barding Armor
22:39 Gold Mining
24:18 Bow Saw
24:56 Iron Casting
24:42 Chain Barding Armor
24:49 Husbandry
25:16 Light Cavalry
27:40 Heavy Plow
28:17 Gold Shaft Mining
27:39 Stone Mining
30:09 Hand Cart
32:12 Town Patrol
34:05 Stone Shaft Mining
36:11 Sanctity
40:57 Imperial Age
41:53 Fervor
41:04 Cavalier
41:52 Hauberk
42:10 Conscription
43:15 Crop Rotation
44:39 Blast Furnace
44:21 Plate Barding Armor
44:43 Elite Skirmisher
44:50 Cranequins
47:02 Heavy Mounted Crossbowman
48:55 Ballistics
49:36 Chemistry
49:00 Ballistics
48:46 Siege Engineers
48:38 Murder Holes
48:53 Clinker Construction
49:00 Masonry
48:50 Bodkin Arrow
48:55 Padded Archer Armor
49:37 Caravan
50:08 Coinage
49:40 Bracer
51:29 Leather Archer Armor
51:28 Crossbowman
52:11 Arrowslits
53:03 Banking
52:44 Guilds
52:49 Arbalester
55:49 Scale Mail Armor
56:35 Hoardings
57:22 Man-at-Arms
57:22 Pikeman
57:48 Gambesons
58:04 Squires
Fran!
5:04 Loom
8:30 Feudal Age
10:22 Double-Bit Axe
12:04 Town Watch
14:43 Wheelbarrow
17:14 Fletching
18:14 Forging
23:49 Horse Collar
29:22 Castle Age
28:10 Padded Archer Armor
29:28 Crossbowman
33:13 Heavy Plow
37:10 Bow Saw
37:16 Bodkin Arrow
38:15 Ballistics
39:16 Leather Archer Armor
40:48 Masonry
45:41 Imperial Age
43:50 Yeomen
46:24 Iron Casting
45:49 Scale Mail Armor
45:20 Pikeman
46:01 Squires
45:46 Arson
46:15 Halberdier
46:45 Cranequins
49:18 Blast Furnace
48:34 Chain Mail Armor
48:35 Gambesons
ale544
6:57 Loom
12:03 Feudal Age
14:24 Double-Bit Axe
23:07 Bloodlines
23:34 Horse Collar
27:32 Castle Age
25:49 Stone Mining
26:20 Gold Mining
28:42 Wheelbarrow
31:22 Elite Skirmisher
32:09 Thumb Ring
38:00 Imperial Age
39:41 Man-at-Arms
39:54 Pikeman
40:56 Szlachta Privileges
40:27 Cavalier
47:46 Scale Barding Armor
51:47 Chain Barding Armor
54:21 Hand Cart
57:10 Husbandry
Connection lost

Rejoining the realm…

Still unreachable

The connection could not be restored.

Session expired

The server has moved on; the page needs a fresh start.